 Dungeon Sprint DCSS version 0.24-a0-250-g6074511092 (webtiles) character file.

Game seed: 16284292909825744252

12200000 Redear the Conqueror (level 27, -144/249 HPs)
             Began as a Demonspawn Warper on Apr 15, 2019.
             Was the Champion of Makhleb.
             Annihilated by a sculptor of flesh
             ... wielding a +9 great sword
              (160 damage)
             ... in the Dungeon (Sprint VIII: "Arena of Blood").
             The game lasted 00:04:30 (122 turns).

Redear the Conqueror (Demonspawn Warper)             Turns: 122, Time: 00:04:30

Health: -144/249   AC: 10    Str: 12    XL:     27
Magic:  34/54      EV: 36    Int: 16    God:    Makhleb [******]
Gold:   0          SH:  0    Dex: 24    Spells: 80/80 levels left

rFire    + + .     SeeInvis .   c - +∞ Axe of Woe
rCold    . . .     Gourm    .   (shield currently unavailable)
rNeg     + . .     Faith    .   b - +0 leather armour
rPois    .         Spirit   .   (helmet unavailable)
rElec    .         Reflect  .   (no cloak)
rCorr    .         Harm     .   (no gloves)
MR       ++...     NoTele   +   (no boots)
Stlth    +++++++++.             (no amulet)
HPRegen  11.51/turn             f - ring of protection from fire {rF+}
MPRegen  0.34/turn              (no ring)

@: lethally poisoned (-144 -> -133), hasted and slowed
A: horns 3, molten scales 3, demonic guardian 3, negative energy resistance 1,
powered by death 3, 50% torment resistance, black mark
a: Minor Destruction, Lesser Servant of Makhleb, Major Destruction, Greater
Servant of Makhleb, Renounce Religion


You were in the Dungeon.
You worshipped Makhleb.
Makhleb was exalted by your worship.
You were not hungry.

You visited 1 branch

Inventory:

Hand Weapons
 a - a +0 hand axe
 c - the +∞ Axe of Woe (weapon)
   (You found it in the Dungeon)
Missiles
 e - 5 tomahawks of dispersal (quivered)
Armour
 b - a +0 leather armour (worn)
Jewellery
 f - a ring of protection from fire (left hand) {rF+}
Scrolls
 B - 2 scrolls of blinking
Potions
 h - a potion of heal wounds {@q1}
 j - 2 potions of magic
 k - a potion of berserk rage
 Q - a potion of curing {@q2}
Comestibles
 z - a ration


   Skills:
 O Level 27 Fighting
 O Level 27 Axes
 O Level 27 Throwing
 O Level 27 Armour
 O Level 27 Dodging
 O Level 27 Stealth
 O Level 27 Unarmed Combat
 O Level 27 Spellcasting
   Level 2.6 Translocations
 O Level 27 Invocations


You had 80 spell levels left.
You didn't know any spells.
Your spell library contained the following spells:

 Spells                   Type           Power        Failure   Level  Hunger
 Blink                    Tloc           N/A          1%          2    None
 Shroud of Golubria       Chrm/Tloc      ####......   1%          2    None
 Gell's Gravitas          Tloc           ####......   1%          3    None
 Lesser Beckoning         Tloc           ####......   1%          3    None
 Teleport Other           Tloc           ####....     1%          3    None
 Passage of Golubria      Tloc           N/A          6%          4    None


Dungeon Overview and Level Annotations

Branches:
Dungeon (1/1)

Altars:
Makhleb


Innate Abilities, Weirdness & Mutations

You have a pair of large horns on your head.
You are completely covered in molten scales. (AC +4, rF+)
A powerful demonic guardian rushes to your aid.
You resist negative energy. (rN+)
You regenerate a lot of health from kills.
You are somewhat able to resist unholy torments (1 in 2 success).
Your melee attacks may debilitate your foes.


Message History

* * * LOW HITPOINT WARNING * * *
You regained 29 hp, and now have 49/249 hp.
Unknown command.
Okay, then.
Okay, then.
You feel yourself speed up.
You are engulfed in poison gas.
You are more poisoned.
You feel extremely sick.
You hear a shout! x5
The small abomination is engulfed in blazing flames.
You hear a shout!
The scourge is poisoned.
The scourge throws poison arrow at you. The poison arrow hits you!!
You are more poisoned.
* * * LOW HITPOINT WARNING * * *
You hear a shout! x2
The sculptor of flesh hits you with a +9 great sword!!!!!
Ouch! That really hurt!
You die...

###.... ####.......
#..........
#..........
#...S........#......
#○.2§...###...#.....
#.○☼○.###......#....
#.○@○#..............
#.○z○....#%........%
#☼.%S.....#%.......#
#.§x○.......)#)....#
#.○☼☼....)#))))..###
#...§#..)))))))...))
#..).##)).))))#.).))
#..))..))))......)))
#%°○°.)###........))


You could see 2 scourges, a sculptor of flesh, a small abomination and a
friendly cacodemon.

Vanquished Creatures
  A hell knight (D)
  Sigmund (D)
  9 hell beasts (D)
  2 greater mummies (D)
  3 great orbs of eyes (D)
  2 wraiths (D)
  15 vampire knights (D)
  36 ogres (D)
  8 two-headed ogres (D)
  6 liches (D)
  3 hydras (D)
  92 orcs (D)
  5 phantoms (D)
  7 skeletal warriors (D)
  A sea snake (D)
  9 large abominations (D)
  12 small abominations (D)
  24 crawling corpses (D)
236 creatures vanquished.

Vanquished Creatures (collateral kills)
  An orc (D)
  A crawling corpse (D)
2 creatures vanquished.

Vanquished Creatures (others)
  A great orb of eyes (D)
  Harold (D)
  A hydra (D)
  An orc (D)
  4 crawling corpses (D)
8 creatures vanquished.

Grand Total: 246 creatures vanquished

Notes
Turn   | Place    | Note
-------+----------+-------------------------------------------
     0 | D        | Found the +∞ Axe of Woe
     0 | D        | Redear the Demonspawn Warper began the quest for the Orb.
     0 | D        | Reached XP level 1. HP: 16/16 MP: 3/3
     2 | D        | Noticed a bag of meat
     4 | D        | Became a worshipper of Makhleb the Destroyer
     6 | D        | Noticed a bag of meat
     6 | D        | Noticed a bag of meat
     6 | D        | Noticed a bag of meat
     6 | D        | Noticed a bag of meat
     6 | D        | Noticed a bag of meat
     7 | D        | Noticed a meat berserker
     7 | D        | Noticed a bag of meat
     7 | D        | Noticed a bag of meat
     8 | D        | Noticed a meat berserker
     8 | D        | Noticed a bag of meat
     9 | D        | Killed a bag of meat
     9 | D        | Reached skill level 12 in Fighting
     9 | D        | Reached skill level 11 in Axes
     9 | D        | Reached skill level 11 in Throwing
     9 | D        | Reached skill level 11 in Armour
     9 | D        | Reached skill level 11 in Dodging
     9 | D        | Reached skill level 11 in Spellcasting
     9 | D        | Gained mutation: You regenerate a little health from kills.
                  | [demonic ancestry]
     9 | D        | Reached XP level 2. HP: 39/39 MP: 3/14
     9 | D        | Gained mutation: You are partially covered in molten
                  | scales. (AC +2) [demonic ancestry]
     9 | D        | Reached XP level 3. HP: 45/45 MP: 3/16
     9 | D        | Reached XP level 4. HP: 52/52 MP: 3/17
     9 | D        | Gained mutation: You have a pair of small horns on your
                  | head. [demonic ancestry]
     9 | D        | Reached XP level 5. HP: 58/58 MP: 3/19
     9 | D        | Gained mutation: You have a pair of horns on your head.
                  | [demonic ancestry]
     9 | D        | Reached XP level 6. HP: 65/65 MP: 3/20
     9 | D        | Reached XP level 7. HP: 71/71 MP: 3/22
     9 | D        | Gained mutation: A weak demonic guardian rushes to your
                  | aid. [demonic ancestry]
     9 | D        | Reached XP level 8. HP: 77/77 MP: 3/23
     9 | D        | Gained mutation: A demonic guardian rushes to your aid.
                  | [demonic ancestry]
     9 | D        | Reached XP level 9. HP: 83/83 MP: 3/24
     9 | D        | Gained mutation: You are mostly covered in molten scales.
                  | (AC +3) [demonic ancestry]
     9 | D        | Reached XP level 10. HP: 90/90 MP: 3/25
     9 | D        | Reached XP level 11. HP: 96/96 MP: 3/26
     9 | D        | Killed a bag of meat
     9 | D        | Reached * piety under Makhleb
     9 | D        | Reached skill level 14 in Fighting
     9 | D        | Reached skill level 13 in Axes
     9 | D        | Reached skill level 13 in Throwing
     9 | D        | Reached skill level 13 in Armour
     9 | D        | Reached skill level 13 in Dodging
     9 | D        | Reached skill level 13 in Spellcasting
     9 | D        | Reached XP level 12. HP: 107/107 MP: 3/29
     9 | D        | Noticed a bag of meat
     9 | D        | Noticed a meat berserker
    10 | D        | Killed a bag of meat
    10 | D        | Reached skill level 15 in Fighting
    10 | D        | Reached skill level 14 in Axes
    10 | D        | Reached skill level 14 in Throwing
    10 | D        | Reached skill level 14 in Armour
    10 | D        | Reached skill level 14 in Dodging
    10 | D        | Reached skill level 14 in Spellcasting
    10 | D        | Reached XP level 13. HP: 60/116 MP: 3/31
    10 | D        | Killed a bag of meat
    10 | D        | Reached skill level 16 in Fighting
    10 | D        | Reached skill level 15 in Axes
    10 | D        | Reached skill level 15 in Throwing
    10 | D        | Reached skill level 15 in Armour
    10 | D        | Reached skill level 15 in Dodging
    10 | D        | Reached skill level 15 in Spellcasting
    10 | D        | Reached XP level 14. HP: 65/126 MP: 3/33
    10 | D        | Killed a meat berserker
    10 | D        | Reached ** piety under Makhleb
    10 | D        | Reached skill level 18 in Fighting
    10 | D        | Reached skill level 16 in Axes
    10 | D        | Reached skill level 16 in Throwing
    10 | D        | Reached skill level 16 in Armour
    10 | D        | Reached skill level 16 in Dodging
    10 | D        | Reached skill level 16 in Spellcasting
    10 | D        | Gained mutation: You are completely covered in molten
                  | scales. (AC +4, rF+) [demonic ancestry]
    10 | D        | Reached XP level 15. HP: 70/136 MP: 3/35
    10 | D        | Noticed a meat berserker
    11 | D        | Reached skill level 17 in Axes
    11 | D        | Reached skill level 17 in Throwing
    11 | D        | Reached skill level 17 in Armour
    11 | D        | Reached skill level 17 in Dodging
    11 | D        | Reached skill level 17 in Spellcasting
    11 | D        | Reached skill level 19 in Fighting
    11 | D        | Reached skill level 18 in Axes
    11 | D        | Reached skill level 18 in Armour
    11 | D        | Reached skill level 18 in Dodging
    11 | D        | Reached skill level 18 in Spellcasting
    11 | D        | Noticed a meat berserker
    11 | D        | Noticed a meat berserker
    11 | D        | Noticed a large bag of meat
    12 | D        | Killed a meat berserker
    12 | D        | Reached *** piety under Makhleb
    12 | D        | Reached skill level 20 in Fighting
    12 | D        | Reached skill level 19 in Axes
    12 | D        | Reached skill level 19 in Throwing
    12 | D        | Reached skill level 19 in Armour
    12 | D        | Reached skill level 19 in Dodging
    12 | D        | Reached skill level 19 in Spellcasting
    12 | D        | Reached XP level 16. HP: 122/150 MP: 4/39
    12 | D        | Reached skill level 21 in Fighting
    12 | D        | Reached skill level 20 in Axes
    12 | D        | Reached skill level 20 in Throwing
    12 | D        | Reached skill level 20 in Armour
    12 | D        | Reached skill level 20 in Dodging
    12 | D        | Reached skill level 20 in Spellcasting
    12 | D        | Gained mutation: You have a pair of large horns on your
                  | head. [demonic ancestry]
    12 | D        | Reached XP level 17. HP: 160/160 MP: 4/41
    12 | D        | Noticed a meat berserker
    13 | D        | Noticed a meat berserker
    14 | D        | Killed a meat berserker
    14 | D        | Reached skill level 22 in Fighting
    14 | D        | Reached skill level 21 in Axes
    14 | D        | Reached skill level 21 in Throwing
    14 | D        | Reached skill level 21 in Armour
    14 | D        | Reached skill level 21 in Dodging
    14 | D        | Reached skill level 21 in Spellcasting
    15 | D        | Killed a meat berserker
    15 | D        | Reached **** piety under Makhleb
    15 | D        | Reached skill level 23 in Fighting
    15 | D        | Reached skill level 22 in Axes
    15 | D        | Reached skill level 22 in Throwing
    15 | D        | Reached skill level 22 in Armour
    15 | D        | Reached skill level 22 in Dodging
    15 | D        | Reached skill level 22 in Spellcasting
    15 | D        | Reached XP level 18. HP: 173/173 MP: 4/44
    15 | D        | Reached skill level 24 in Fighting
    15 | D        | Killed a meat berserker
    15 | D        | Reached skill level 25 in Fighting
    15 | D        | Reached skill level 23 in Axes
    15 | D        | Reached skill level 23 in Throwing
    15 | D        | Reached skill level 23 in Armour
    15 | D        | Reached skill level 23 in Dodging
    15 | D        | Reached skill level 23 in Spellcasting
    15 | D        | Gained mutation: You resist negative energy. (rN+) [demonic
                  | ancestry]
    15 | D        | Reached XP level 19. HP: 184/184 MP: 4/46
    17 | D        | Noticed a meat berserker
    18 | D        | HP: 10/184 [meat berserker/+9 battleaxe (63)]
    19 | D        | Killed a meat berserker
    19 | D        | Reached ***** piety under Makhleb
    19 | D        | Reached skill level 26 in Fighting
    19 | D        | Reached skill level 24 in Axes
    19 | D        | Reached skill level 24 in Throwing
    19 | D        | Reached skill level 24 in Armour
    19 | D        | Reached skill level 24 in Dodging
    19 | D        | Reached skill level 24 in Spellcasting
    19 | D        | Reached skill level 25 in Axes
    19 | D        | Reached skill level 25 in Dodging
    19 | D        | Reached skill level 25 in Spellcasting
    19 | D        | Killed a meat berserker
    19 | D        | Reached skill level 27 in Fighting
    19 | D        | Reached skill level 25 in Throwing
    19 | D        | Reached skill level 25 in Armour
    19 | D        | Reached skill level 26 in Axes
    19 | D        | Reached skill level 26 in Throwing
    19 | D        | Reached skill level 26 in Armour
    19 | D        | Reached skill level 26 in Dodging
    19 | D        | Reached skill level 26 in Spellcasting
    19 | D        | Gained mutation: You regenerate health from kills. [demonic
                  | ancestry]
    19 | D        | Reached XP level 20. HP: 197/197 MP: 5/50
    19 | D        | Killed a meat berserker
    19 | D        | Reached skill level 27 in Axes
    19 | D        | Reached skill level 27 in Throwing
    19 | D        | Reached skill level 27 in Armour
    19 | D        | Reached skill level 27 in Dodging
    19 | D        | Reached skill level 27 in Spellcasting
    19 | D        | Noticed a large bag of meat
    19 | D        | Noticed a meat berserker
    19 | D        | Noticed a destroyer
    20 | D        | Killed a large bag of meat
    20 | D        | Reached skill level 12 in Stealth
    20 | D        | Reached skill level 11 in Unarmed Combat
    20 | D        | Reached skill level 15 in Invocations
    20 | D        | Reached skill level 14 in Stealth
    20 | D        | Reached skill level 13 in Unarmed Combat
    20 | D        | Reached skill level 17 in Invocations
    20 | D        | Gained mutation: A powerful demonic guardian rushes to your
                  | aid. [demonic ancestry]
    20 | D        | Reached XP level 21. HP: 204/204 MP: 6/52
    20 | D        | Reached skill level 16 in Stealth
    20 | D        | Reached skill level 14 in Unarmed Combat
    20 | D        | Reached skill level 19 in Invocations
    20 | D        | Reached skill level 17 in Stealth
    20 | D        | Reached skill level 16 in Unarmed Combat
    20 | D        | Reached skill level 21 in Invocations
    20 | D        | Reached ****** piety under Makhleb
    20 | D        | Reached skill level 18 in Stealth
    20 | D        | Reached skill level 17 in Unarmed Combat
    20 | D        | Reached skill level 23 in Invocations
    22 | D        | Noticed a large bag of meat
    22 | D        | Reached skill level 20 in Stealth
    22 | D        | Reached skill level 18 in Unarmed Combat
    22 | D        | Reached skill level 24 in Invocations
    22 | D        | Reached skill level 21 in Stealth
    22 | D        | Reached skill level 19 in Unarmed Combat
    22 | D        | Reached skill level 26 in Invocations
    22 | D        | Killed a large bag of meat
    22 | D        | Reached skill level 24 in Stealth
    22 | D        | Reached skill level 22 in Unarmed Combat
    22 | D        | Reached skill level 27 in Invocations
    22 | D        | Reached XP level 22. HP: 212/212 MP: 6/53
    22 | D        | Reached skill level 25 in Stealth
    22 | D        | Reached skill level 23 in Unarmed Combat
    23 | D        | Reached skill level 26 in Stealth
    23 | D        | Reached skill level 24 in Unarmed Combat
    23 | D        | Reached skill level 27 in Stealth
    23 | D        | Reached skill level 26 in Unarmed Combat
    24 | D        | Reached skill level 27 in Unarmed Combat
    24 | D        | Reached XP level 23. HP: 219/219 MP: 7/54
    26 | D        | Killed a large bag of meat
    27 | D        | Noticed a destroyer
    28 | D        | Killed a destroyer
    28 | D        | Reached XP level 24. HP: 227/227 MP: 8/54
    29 | D        | Noticed a destroyer
    29 | D        | Noticed a destroyer
    31 | D        | Noticed a destroyer
    31 | D        | Noticed a large bag of meat
    31 | D        | Noticed a destroyer
    31 | D        | Noticed a destroyer
    32 | D        | Noticed a destroyer
    32 | D        | Noticed a destroyer
    32 | D        | Noticed The Servant
    33 | D        | Noticed a destroyer
    34 | D        | Killed a destroyer
    34 | D        | Noticed a large bag of meat
    35 | D        | Gained mutation: You are somewhat able to resist unholy
                  | torments (1 in 2 success). [demonic ancestry]
    35 | D        | Reached XP level 25. HP: 234/234 MP: 10/54
    35 | D        | Killed a destroyer
    36 | D        | Killed a destroyer
    37 | D        | Noticed a destroyer
    38 | D        | Gained mutation: Your melee attacks may debilitate your
                  | foes. [demonic ancestry]
    38 | D        | Reached XP level 26. HP: 242/242 MP: 11/54
    38 | D        | Killed a destroyer
    40 | D        | Gained mutation: You regenerate a lot of health from kills.
                  | [demonic ancestry]
    40 | D        | Reached XP level 27. HP: 249/249 MP: 11/54
    42 | D        | Noticed a destroyer
    42 | D        | Noticed a tyrant
    44 | D        | Killed a large bag of meat
    45 | D        | Killed a destroyer
    45 | D        | Killed a large bag of meat
    47 | D        | Killed a destroyer
    47 | D        | Killed a destroyer
    47 | D        | Noticed a destroyer
    48 | D        | Killed a destroyer
    48 | D        | Noticed a destroyer
    50 | D        | Killed a tyrant
    52 | D        | Noticed a large bag of meat
    54 | D        | Killed a destroyer
    55 | D        | Killed a destroyer
    55 | D        | Killed a destroyer
    55 | D        | Killed a destroyer
    56 | D        | Killed a destroyer
    56 | D        | Noticed a tyrant
    58 | D        | Noticed The Captor
    58 | D        | Noticed a meat beast
    60 | D        | Killed a large bag of meat
    61 | D        | Noticed a dread
    62 | D        | Killed a meat beast
    63 | D        | Noticed a meat beast
    63 | D        | Noticed a destroyer
    64 | D        | Killed The Captor
    65 | D        | Killed a tyrant
    65 | D        | Noticed a meat beast
    66 | D        | Killed a destroyer
    69 | D        | Noticed a dread
    69 | D        | Killed a meat beast
    69 | D        | Killed The Servant
    70 | D        | Killed a meat beast
    71 | D        | Noticed an accursed
    72 | D        | Noticed a meat beast
    73 | D        | Noticed a meat beast
    75 | D        | Killed a dread
    76 | D        | Killed a meat beast
    76 | D        | Killed a meat beast
    76 | D        | Noticed a meat beast
    78 | D        | Killed a dread
    81 | D        | Killed a meat beast
    82 | D        | Noticed an accursed
    84 | D        | Noticed a meat beast
    85 | D        | Killed a meat beast
    91 | D        | Killed an accursed
    93 | D        | Noticed a tyrant
    93 | D        | Noticed a tyrant
    94 | D        | Noticed a meat beast
    94 | D        | Noticed a large bag of meat
    94 | D        | Noticed a large bag of meat
   101 | D        | Noticed a tyrant
   102 | D        | Killed a tyrant
   102 | D        | Killed an accursed
   102 | D        | Killed a large bag of meat
   103 | D        | Noticed a meat beast
   107 | D        | Killed a meat beast
   108 | D        | Noticed a tyrant
   111 | D        | Killed a meat beast
   112 | D        | Killed a tyrant
   112 | D        | Killed a large bag of meat
   116 | D        | Killed a tyrant
   116 | D        | Killed a tyrant
   117 | D        | Noticed a fleshlord
   119 | D        | Killed a fleshlord
   120 | D        | HP: 20/249 [something (9)]
   122 | D        | Annihilated by a sculptor of flesh

Levels and vault maps discovered:
D:        meatsprint

Skill      XL: |  1  2  3  4  5  6  7  8  9 10 11 12 13 14 15 16 17 18 19 20 21 22 |
---------------+-------------------------------------------------------------------+-----
Fighting       | 12 14 15 16 18 20 21 23 25 27 | 27.0
Axes           | 11 13 14 15 16 19 20 22 23 26 27 | 27.0
Throwing       | 11 13 14 15 16 19 20 22 23 26 27 | 27.0
Armour         | 11 13 14 15 16 19 20 22 23 26 27 | 27.0
Dodging        | 11 13 14 15 16 19 20 22 23 26 27 | 27.0
Spellcasting   | 11 13 14 15 16 19 20 22 23 26 27 | 27.0
Stealth        | 14 24 27 | 27.0
Unarmed Combat | 13 22 27 | 27.0
Invocations    | 17 27 | 27.0
Translocations | |  2.6

Action                   |  1- 3 |  4- 6 |  7- 9 | 10-12 | 13-15 | 16-18 | 19-21 | 22-24 | 25-27 || total
-------------------------+-------+-------+-------+-------+-------+-------+-------+-------+-------++-------
Melee: Executioner's axe |     1 |       |       |     1 |     2 |     2 |     3 |     7 |    62 ||    78
  Use: Potion            |       |       |       |       |       |       |       |       |     1 ||     1
 Stab: Distracted        |       |       |       |       |       |       |       |       |     1 ||     1
Armor: Leather armour    |       |       |       |       |       |       |       |       |     2 ||     2
Dodge: Dodged            |       |       |       |       |       |       |     2 |       |    12 ||    14

Table legend:
 A = Non-vault XP
 B = Vault XP
 C = Vault XP percentage of total XP
 D = Non-vault monster count
 E = Vault monster count
 F = Vault count percentage of total count
                 A         B        C        D         E       F
            +---------+---------+-------+---------+---------+-------
      Total | 3950082 | 1563772 |  28.4 |     115 |      97 |  45.8
            +---------+---------+-------+---------+---------+-------
          D | 3950082 | 1563772 |  28.4 |     115 |      97 |  45.8
            +---------+---------+-------+---------+---------+-------
